 Dungeon Crawl Stone Soup version 0.18.1-50-g88ac8fd (webtiles) character file.

16215 snus the Grappler (level 12, -1/138 HPs)
             Began as a Troll Monk on Oct 6, 2016.
             Was a High Priest of Trog.
             Slain by a centaur (3 damage)
             ... on level 12 of the Dungeon.
             The game lasted 00:58:07 (9616 turns).

snus the Grappler (Troll Monk)                      Turns: 9616, Time: 00:58:08

Health: -1/138     AC:  6    Str: 33    XL:     12   Next: 8%
Magic:  0/11       EV: 12    Int:  6    God:    Trog [*****.]
Gold:   743        SH:  0    Dex: 10    Spells: 0 memorised, 11 levels left

rFire  x . .     SeeInvis .       - Unarmed
rCold  + . .     Gourm    +     J - +1 robe {rN+}
rNeg   + . .     Faith    .     (no shield)
rPois  .         Spirit   +     (helmet restricted)
rElec  .         Dismiss  .     (no cloak)
rCorr  .         Reflect  .     (gloves unavailable)
SustAt .         Harm     .     (boots unavailable)
MR     .....                    y - amulet of guardian spirit
Stlth  ++........               D - +5 ring of strength
                                t - ring of ice

@: exhausted, slowed, very slow, not resistant to hostile enchantments,
unstealthy
A: unfitting armour, claws 3, clumsy 1, fast metabolism 3, gourmand,
regeneration 2, robust 1, shaggy fur 1, strong 1, tough skin 2
a: Berserk, Trog's Hand, Brothers in Arms, Burn Spellbooks, Renounce Religion


You were on level 12 of the Dungeon.
You worshipped Trog.
Trog was extremely pleased with you.
You were very full.

You visited 1 branch of the dungeon, and saw 12 of its levels.

You collected 815 gold pieces.
You spent 72 gold pieces at shops.

Inventory:

Hand Weapons
 P - a +2 arbalest of flaming
Missiles
 M - 3 silver javelins (quivered)
Armour
 a - a +2 robe
 J - a +1 robe of positive energy (worn)
Jewellery
 g - a +2 ring of protection
 q - an uncursed ring of see invisible
 t - a ring of ice (left claw)
 u - a +6 ring of evasion
 y - an amulet of guardian spirit (around neck)
 D - a +5 ring of strength (right claw)
Wands
 c - a wand of flame (37/48)
 p - a wand of flame (18/48)
 w - a wand of random effects (38/48)
 E - a wand of lightning (7/15)
 N - a wand of paralysis (12/24)
 O - a wand of acid (11/15)
Scrolls
 d - 2 scrolls of random uselessness
 e - 3 scrolls of amnesia
 h - 3 scrolls of enchant armour
 i - 2 scrolls of noise
 k - 3 scrolls of immolation
 l - 4 scrolls of remove curse
 m - a scroll of brand weapon {unknown}
 r - 7 scrolls of recharging
 s - 2 scrolls of magic mapping
 v - 3 scrolls of enchant weapon
 B - 2 scrolls of fear {unknown}
 C - a scroll of teleportation {unknown}
 H - 2 scrolls of blinking {unknown}
 I - 3 scrolls of identify
 L - a scroll of silence {unknown}
Potions
 f - 5 potions of might
 j - a potion of heal wounds
 n - a potion of haste
 x - a potion of curing {unknown}
 z - a potion of cure mutation {unknown}
 G - a potion of lignification {unknown}
 K - a potion of mutation
Comestibles
 b - 8 bread rations
 o - a fruit
 A - 8 beef jerkies
 F - a meat ration
 Q - 4 chunks of flesh


   Skills:
 - Level 10.0 Fighting
 - Level 6.6 Armour
 - Level 8.0 Dodging
 * Level 3.9 Stealth
 - Level 10.3 Unarmed Combat


You had 11 spell levels left.
You didn't know any spells.

Dungeon Overview and Level Annotations

Branches:
Dungeon (12/15)            Temple (0/1) D:7            Lair (0/8) D:11
    Orc (0/2) D:9

Altars:
Kikubaaqudgha
Nemelex Xobeh
Pakellas
Sif Muna
Trog

Shops:
D:7 [   D:8 *


Innate Abilities, Weirdness & Mutations

You are too large for most types of armour.
You have claws for hands.
Your metabolism is lightning-fast.
You like to eat raw meat.
You heal very quickly.
You are covered in fur (AC +1).
You have very tough skin (AC +2).
You are clumsy. (Dex -2)
You are robust (+10% HP).
Your muscles are strong. (Str +2)


Message History

The centaur shoots an arrow.
The arrow hits you!
* * * LOW HITPOINT WARNING * * *
The centaur shoots an arrow.
The arrow hits you!
* * * LOW HITPOINT WARNING * * *
The centaur shoots an arrow.
The arrow closely misses you.
The centaur shoots an arrow.
The arrow hits you!
* * * LOW HITPOINT WARNING * * *
The centaur shoots an arrow.
The arrow completely misses you.
The centaur shoots an arrow.
The arrow completely misses you.
The centaur shoots an arrow.
The arrow hits you!
* * * LOW HITPOINT WARNING * * *
The centaur shoots an arrow.
The arrow hits you.
* * * LOW HITPOINT WARNING * * *
You see here 4 arrows.
The centaur unwields an uncursed shortbow.
The centaur hits you.
* * * LOW HITPOINT WARNING * * *
The centaur shoots an arrow.
The arrow hits you but does no damage. The centaur hits you.
You die...

##### ##...##
##########.....#
.....)(.......c##
....(#########..##
.....## ## ##.)#
##....# ##≈####(#
....#.####.≈≈###(#
....#..#..≈≈≈≈##@#
(...##....c≈...#c#
....###≈.≈≈≈c≈.)(#
....##....≈..≈.###
...<##.≈≈≈≈..≈≈.#####
........≈≈...≈≈.....##
....###.≈..≈≈≈.......##
##### #.≈...≈≈≈.......#
#.≈.∩..≈.≈......#


You could see 2 centaurs.

Vanquished Creatures
  An ettin (D:9)
  A tengu warrior (D:11)
  The ghost of Kloppie the Spear-Bearer, a novice MfBe of Trog (D:8)
  4 hill giants
  A gargoyle (D:11)
  A komodo dragon (D:11)
  A troll (D:10)
  The ghost of Gargoyl the Distorting Demonspawn, an amateur DsAK of Lugonu (D:5)
  3 slime creatures (D:12)
  Sigmund (D:3)
  A centaur simulacrum (D:12)
  A water elemental (D:12)
  A wyvern (D:11)
  13 yaks
  A hippogriff (D:11)
  A hungry ghost (D:7)
  2 vampire mosquitoes (D:12)
  Edmund (D:5)
  A warg (D:9)
  Menkaure (D:5)
  Duvessa (D:5)
  A sky beast (D:9)
  8 orc warriors
  3 necrophages
  9 ice beasts
  10 ogres
  3 wasps
  2 eyes of draining
  A crocodile (D:11)
  6 centaurs
  A big kobold (D:9)
  4 giant frogs
  A wyvern skeleton (D:10)
  5 scorpions
  Dowan (D:5)
  20 killer bees
  7 wights
  2 howler monkeys
  5 crimson imps
  11 hounds
  A wyvern simulacrum (D:12)
  A giant frog zombie (D:7)
  A centaur zombie (D:6)
  3 jellies
  2 giant frog skeletons (D:7)
  5 orc priests
  Crazy Yiuf (D:2)
  10 orc wizards
  A centaur skeleton (D:5)
  Jessica (D:3)
  Natasha (D:2)
  2 iguanas
  9 worker ants
  3 hound skeletons
  A hound zombie (D:5)
  2 worker ant zombies
  A howler monkey zombie (D:6)
  8 adders
  6 white imps (D:12)
  An ufetubus (D:12)
  2 adder skeletons
  4 worms (D:2)
  3 dart slugs
  5 giant geckos
  31 orcs
  A ball python (D:3)
  13 bats
  6 giant cockroaches
  5 goblins
  13 hobgoblins
  3 jackals
  2 quokkas (D:3)
  A ball python zombie (D:6)
  7 giant newts
  9 kobolds
  A quokka zombie (D:5)
  3 rats
  2 fungi (D:2)
310 creatures vanquished.

Vanquished Creatures (others)
  A plant (D:11)
1 creature vanquished.

Grand Total: 311 creatures vanquished

Notes
Turn   | Place    | Note
--------------------------------------------------------------
     0 | D:1      | snus the Troll Monk began the quest for the Orb.
     0 | D:1      | Reached XP level 1. HP: 22/22 MP: 0/0
   163 | D:1      | Reached XP level 2. HP: 29/29 MP: 1/1
   691 | D:1      | Reached XP level 3. HP: 36/36 MP: 2/2
   867 | D:2      | Reached skill level 5 in Unarmed Combat
  1157 | D:2      | Reached XP level 4. HP: 33/45 MP: 3/3
  1278 | D:2      | Found an ancient bone altar of Kikubaaqudgha.
  1420 | D:2      | Noticed Crazy Yiuf
  1427 | D:2      | Killed Crazy Yiuf
  1495 | D:2      | Noticed Natasha
  1501 | D:2      | Killed Natasha
  1547 | D:2      | Reached XP level 5. HP: 49/54 MP: 4/4
  1844 | D:3      | Noticed Jessica
  1867 | D:3      | Killed Jessica
  2051 | D:3      | Noticed Sigmund
  2064 | D:3      | Killed Sigmund
  2064 | D:3      | Reached skill level 5 in Fighting
  2064 | D:3      | Reached XP level 6. HP: 58/66 MP: 5/5
  2187 | D:4      | Found an oddly glowing altar of Pakellas.
  2193 | D:4      | Found a sparkling altar of Nemelex Xobeh.
  2707 | D:4      | Reached XP level 7. HP: 59/71 MP: 6/6
  2756 | D:4      | Found a bloodstained altar of Trog.
  2766 | D:4      | Became a worshipper of Trog the Wrathful
  2766 | D:4      | Reached * piety under Trog
  2766 | D:4      | Reached ** piety under Trog
  2927 | D:5      | Entered Level 5 of the Dungeon
  3051 | D:5      | Reached skill level 1 in Armour
  3058 | D:5      | Noticed Gargoyl's ghost (amateur DsAK)
  3064 | D:5      | Killed Gargoyl's ghost
  3150 | D:5      | Noticed Dowan
  3152 | D:5      | Noticed Edmund
  3154 | D:5      | Killed Dowan
  3156 | D:5      | Noticed Duvessa
  3167 | D:5      | Killed Edmund
  3167 | D:5      | Reached XP level 8. HP: 80/80 MP: 7/7
  3172 | D:5      | Killed Duvessa
  3304 | D:5      | Noticed Menkaure
  3316 | D:5      | Killed Menkaure
  3316 | D:5      | Reached skill level 5 in Armour
  3772 | D:6      | Gained mutation: You are robust (+10% HP). [potion of mutation]
  3772 | D:6      | Gained mutation: Your mind is acute. (Int +2) [potion of mutation]
  3773 | D:6      | Gained mutation: You evolve. [potion of mutation]
  3773 | D:6      | Lost mutation: Your mind is acute. (Int +2) [potion of mutation]
  3773 | D:6      | Gained mutation: Your muscles are strong. (Str +2) [potion of mutation]
  4441 | D:7      | Reached XP level 9. HP: 101/101 MP: 8/8
  4758 | D:7      | Found a deep blue altar of Sif Muna.
  5005 | D:7      | Found Yjemoysial's Antique Armour Emporium.
  5032 | D:7      | Found a staircase to the Ecumenical Temple.
  5940 | D:8      | Noticed Kloppie's ghost (novice MfBe)
  5959 | D:8      | Killed Kloppie's ghost
  5959 | D:8      | Reached skill level 5 in Dodging
  6116 | D:8      | Found Vucosoez's Assorted Antiques.
  6130 | D:8      | Bought a potion of mutation for 72 gold pieces
  6498 | D:9      | Reached XP level 10. HP: 111/113 MP: 9/9
  6524 | D:9      | Found a staircase to the Orcish Mines.
  6559 | D:9      | Reached *** piety under Trog
  6566 | D:9      | Noticed an ettin
  6581 | D:9      | Killed an ettin
  6694 | D:9      | Noticed a hill giant
  6704 | D:9      | Killed a hill giant
  6752 | D:9      | Received a gift from Trog
  7211 | D:9      | Reached **** piety under Trog
  7547 | D:10     | Entered Level 10 of the Dungeon
  7626 | D:10     | Noticed a hill giant
  7645 | D:10     | Killed a hill giant
  7645 | D:10     | Reached XP level 11. HP: 127/127 MP: 10/10
  7889 | D:10     | Noticed a hill giant
  7907 | D:10     | Killed a hill giant
  7907 | D:10     | Reached skill level 10 in Fighting
  7907 | D:10     | Reached skill level 10 in Unarmed Combat
  8422 | D:11     | Paralysed by a wasp for 3 turns
  8446 | D:11     | Noticed a tengu warrior
  8456 | D:11     | Killed a tengu warrior
  8533 | D:11     | Reached ***** piety under Trog
  8816 | D:11     | Noticed a hill giant
  8832 | D:11     | Killed a hill giant
  8885 | D:11     | Found a staircase to the Lair.
  8929 | D:12     | Found a frozen archway.
  9106 | D:11     | Received a gift from Trog
  9277 | D:12     | Gained mutation: You are clumsy. (Dex -2) [evolution]
  9277 | D:12     | Lost mutation: You evolve. [end of evolution]
  9465 | D:12     | Reached XP level 12. HP: 107/138 MP: 11/11
  9615 | D:12     | HP: 4/138 [centaur/arrow (5)]
  9616 | D:12     | Slain by a centaur

Skill      XL: |  1  2  3  4  5  6  7  8  9 10 11 |
---------------+----------------------------------+-----
Unarmed Combat | 5 7 9 10 | 10.3
Fighting       | 3 4 5 7 8 9 10 | 10.0
Dodging        | 3 4 6 8 |  8.0
Armour         | 4 5 6 |  6.6
Stealth        | 3 |  3.9

Action                   |  1- 3 |  4- 6 |  7- 9 | 10-12 || total
-------------------------+-------+-------+-------+-------++-------
Melee: Unarmed           |   110 |   115 |   303 |   522 ||  1050
       Punch             |     1 |     7 |    13 |    32 ||    53
Throw: Javelin           |       |       |       |     4 ||     4
Invok: Berserk           |       |       |     5 |    10 ||    15
       Burn Spellbooks   |       |       |     1 |     2 ||     3
  Use: Scroll            |       |     6 |     5 |     8 ||    19
       Potion            |       |       |     3 |     2 ||     5
 Stab: Sleeping          |     3 |     1 |     2 |       ||     6
  Eat: Chunk             |    15 |    14 |    42 |    36 ||   107
       Meat ration       |       |       |     1 |     1 ||     2
       Pizza             |       |       |       |     1 ||     1
Armor: Robe              |    40 |    16 |    71 |    55 ||   182
Dodge: Dodged            |    35 |    44 |   152 |   331 ||   562
